 Dungeon Crawl Stone Soup version 0.27-a0-828-g8289197e94 (webtiles) character file.

Game seed: 477876937796685774

2807 polve the Transmogrifier (level 9, 0/83 HPs)
             Began as a Black Draconian Transmuter on Mar 30, 2021.
             Slain by a two-headed ogre
             ... wielding a +0 giant club
              (10 damage)
             ... on level 9 of the Dungeon.
             The game lasted 00:12:15 (7657 turns).

polve the Transmogrifier (DrTm)                     Turns: 7657, Time: 00:12:16

Health: 0/83       AC:  8    Str: 12    XL:     9   Next: 44%
Magic:  7/12       EV:  8    Int: 17    God:
Gold:   508        SH:  0    Dex: 18    Spells: 4/12 levels left

rFire    . . .     SeeInvis .     - Unarmed
rCold    . . .     Faith    .   (shield currently unavailable)
rNeg     + . .     Spirit   .   (armour unavailable)
rPois    +         Reflect  .   (helmet currently unavailable)
rElec    .         Harm     .   (cloak currently unavailable)
rCorr    +         Rampage  .   (gloves currently unavailable)
Will     .....                  (boots currently unavailable)
Stlth    +++.......             b - amulet of regeneration
HPRegen  1.23/turn              D - ring "Unow" {rN+ rCorr Stlth+}
MPRegen  0.13/turn              d - +6 ring of dexterity

@: short of breath, hydra-form, studying Maces & Flails
A: fast swimmer, devour, amphibious, boosted hp, (breathe lightning), AC +7,
very large, unfitting armour, (electricity resistance), (cold-blooded)
a: End Transformation


You were on level 9 of the Dungeon.
You were a five-headed hydra.
You visited 2 branches of the dungeon, and saw 10 of its levels.
You also visited: Sewer.

You collected 508 gold pieces.

Inventory:

Armour
 k - a +0 cloak (melded)
 E - a +0 pair of boots (melded)
 G - a +2 pair of gloves (melded)
Jewellery
 b - an amulet of regeneration (around neck)
 d - a +6 ring of dexterity (right foreclaw)
 e - a ring of ice
 D - the ring "Unow" (left foreclaw) {rN+ rCorr Stlth+}
   (You found it on level 6 of the Dungeon)

   [ring of resist corrosion]

   It protects you from negative energy.
   It protects you from acid and corrosion.
   It makes you more stealthy.
Wands
 a - a wand of acid (6)
 x - a wand of flame (12)
 y - a wand of polymorph (7)
Scrolls
 c - 2 scrolls of amnesia {unknown}
 f - 2 scrolls of torment {unknown}
 j - 3 scrolls of fear
 l - 6 scrolls of teleportation
 m - a scroll of silence {unknown}
 q - 2 scrolls of blinking
 t - a scroll of summoning {unknown}
 v - a scroll of enchant armour {unknown}
 z - a scroll of magic mapping {unknown}
 B - a scroll of fog {unknown}
 C - a scroll of noise {unknown}
Potions
 g - 3 potions of brilliance
 i - 6 potions of curing
 n - a potion of lignification {unknown}
 o - 2 potions of flight {unknown}
 p - 2 potions of heal wounds
 r - a potion of magic {unknown}
 u - 2 potions of might
 w - a potion of resistance {unknown}
 A - a potion of haste {unknown}
 F - a potion of ambrosia {unknown}


   Skills:
 - Level 1.1 Fighting
 - Level 1.7 Dodging
 - Level 3.0 Unarmed Combat
 - Level 2.0 Spellcasting
 + Level 12.8 Transmutations


You had 4 spell levels left.
You knew the following spells:

 Your Spells              Type           Power      Damage    Failure   Level
a - Beastly Appendage     Tmut           90%        N/A       1%          1
b - Hydra Form            Tmut           22%        N/A       2%          5
z - Wereblood             Tmut           45%        N/A       1%          2

Your spell library contained the following spells:

 Spells                   Type           Power      Damage    Failure   Level
 Spider Form              Tmut/Pois      11%        N/A       4%          3
 Ice Form                 Ice/Tmut       23%        N/A       14%         4
 Corona                   Hex            1%         N/A       19%         1
 Foxfire                  Conj/Fire      4%         2x1d4     19%         1
 Magic Dart               Conj           4%         1d3       19%         1
 Ensorcelled Hibernation  Hex/Ice        2%         N/A       28%         2
 Searing Ray              Conj           2%         3d3       28%         2
 Confusing Touch          Hex            1%         N/A       50%         3
 Conjure Flame            Conj/Fire      1%         6-21      50%         3
 Dazzling Flash           Conj/Hex       2%         N/A       50%         3
 Inner Flame              Hex/Fire       1%         N/A       50%         3
 Tukima's Dance           Hex            1%         N/A       50%         3
 Fulminant Prism          Conj/Hex       0%         3d6       88%         4
 Iskenderun's Mystic Bla  Conj/Tloc      1%         2d3       88%         4
 Sticky Flame             Conj/Fire      1%         2d3       88%         4
 Fireball                 Conj/Fire      0%         3d3       99%         5


Dungeon Overview and Level Annotations

Branches:
Dungeon (9/15)             Temple (1/1) D:7            Lair (0/6) D:8
  Sewer (visited)
    Orc: D:9-12

Altars:
Ashenzari
Cheibriados
Dithmenos
Elyvilon
Fedhas
Gozag
Hepliaklqana
Kikubaaqudgha
Makhleb
Nemelex Xobeh
Okawaru
Qazlal
Ru
Sif Muna
Trog
Uskayaw
Vehumet
Wu Jian
Xom
Yredelemnul
Zin
The Shining One

Shops:
D:3 :!=([   D:7 =!:


Innate Abilities, Weirdness & Mutations

You are a five-headed hydra.
You swim very quickly.
You can devour living enemies to heal.
You are amphibious.
Your maximum health is greatly increased.
Your armour is entirely melded.
You are incapable of wielding weapons or throwing items.
((You can breathe wild blasts of lightning.))
((Your glossy black scales are hard. (AC +7)))
You cannot fit into any form of body armour.
((You are resistant to electric shocks. (rElec)))
((You are cold-blooded and may be slowed by cold attacks.))


Message History

(D) Dungeon (T) Temple (L) Lair
Where to? (Enter - D:8, ? - help)
There is an open door here.
You see here an amulet of guardian spirit.
There is a stone staircase leading down here.
You climb downwards.
A two-headed ogre comes into view.
It is wielding a +0 giant club and a +0 dire flail.
Found a hunting sling.
There is a stone staircase leading up here.
The two-headed ogre shouts in stereo!
You breathe a wild blast of lightning!
You hear a mighty clap of thunder!
The bolt of lightning misses you. x2
You hear a clap of thunder!
The orb of electricity explodes!
The orb of electricity engulfs the two-headed ogre!!
The two-headed ogre is heavily wounded.
The orb of electricity engulfs you! You resist.
You turn into a five-headed hydra.
Your +0 cloak melds into your body.
Your +2 pair of gloves melds into your body.
Your +0 pair of boots melds into your body.
The two-headed ogre misses you.
The two-headed ogre hits you with a +0 dire flail.
You bite the two-headed ogre!
The two-headed ogre is severely wounded.
The two-headed ogre hits you with a +0 giant club!
The two-headed ogre hits you with a +0 dire flail!
You bite the two-headed ogre!
The two-headed ogre is severely wounded.
The two-headed ogre hits you with a +0 giant club!
The two-headed ogre hits you with a +0 dire flail!
* * * LOW HITPOINT WARNING * * *
You nip at the two-headed ogre.
The two-headed ogre is almost dead.
You nip at the two-headed ogre but do no damage.
The two-headed ogre is almost dead.
The two-headed ogre hits you with a +0 giant club!
* * * LOW HITPOINT WARNING * * *
The two-headed ogre hits you with a +0 dire flail!
You die...

#.........
.........
#........
#<......#
#.#...#.#
#.# .##
#.# .. #O#
.. #D# .#
#)# # #.#
#.. ###


You could see a two-headed ogre.

Vanquished Creatures
  A steam dragon (D:4)
  Eustachio (D:5)
  2 water moccasins
  3 sky beasts
  Purgy (Sewer)
  A black bear (D:6)
  4 centaurs
  3 ogres
  4 scorpions
  A water moccasin skeleton (D:5)
  7 wights
  A vampire bat (D:3)
  A bullfrog zombie (D:5)
  A centaur skeleton (D:7)
  3 hounds (D:6)
  A gnoll shaman (D:3)
  2 orc priests
  2 bullfrog skeletons
  2 orc wizards
  An iguana (D:4)
  2 howler monkey zombies
  2 gnolls (D:3)
  A river rat (D:4)
  9 adders
  A shadow imp (D:5)
  2 white imps
  3 ufetubi
  3 dart slugs
  3 fire bats (D:3)
  15 orcs
  2 spectral bats (D:3)
  11 bats
  3 bat skeletons (D:3)
  A bat zombie (D:3)
  5 endoplasms
  3 giant cockroaches (D:4)
  3 goblins
  5 hobgoblins
  7 jackals
  7 kobolds
  3 quokkas
  10 ball pythons
  A bat simulacrum (D:3)
  12 frilled lizards
  7 rats
163 creatures vanquished.

Vanquished Creatures (others)
  41 plants
41 creatures vanquished.

Grand Total: 204 creatures vanquished

Notes
Turn   | Place    | Note
-------+----------+-------------------------------------------
     0 | D:1      | polve the Draconian Transmuter began the quest for the Orb.
     0 | D:1      | Reached XP level 1. HP: 16/16 MP: 3/3
   362 | D:1      | Reached XP level 2. HP: 23/23 MP: 3/5
   488 | D:1      | Reached skill level 3 in Transmutations
  1258 | D:2      | Reached XP level 3. HP: 28/28 MP: 6/6
  1591 | D:3      | Found Weapotro's Antique Armour Shoppe.
  1678 | D:3      | Found Qeju's Jewellery Shoppe.
  1730 | D:3      | Found Qivuacw's Distillery.
  1745 | D:3      | Found Yshudaso's Weapon Boutique.
  1754 | D:3      | Noticed a centaur
  1774 | D:3      | Reached skill level 4 in Transmutations
  1775 | D:3      | Killed a centaur
  1776 | D:3      | Reached skill level 5 in Transmutations
  1776 | D:3      | Reached XP level 4. HP: 17/35 MP: 5/7
  1779 | D:3      | Reached XP level 5. HP: 23/40 MP: 5/8
  1795 | D:3      | Learned a level 5 spell: Hydra Form
  1798 | D:3      | Learned a level 2 spell: Wereblood
  1856 | D:3      | Found an ancient bone altar of Kikubaaqudgha.
  1858 | D:3      | Found an opulent altar of Gozag.
  1924 | D:3      | Found a hide-covered altar of Uskayaw.
  2147 | D:3      | Found Ucegoys's Book Shoppe.
  2360 | D:3      | Reached skill level 6 in Transmutations
  2420 | D:3      | Reached XP level 6. HP: 47/47 MP: 7/9
  2733 | D:4      | Reached skill level 7 in Transmutations
  2795 | D:4      | Your scales start taking on a glossy black colour.
  2795 | D:4      | Reached XP level 7. HP: 52/52 MP: 10/10
  2795 | D:4      | Gained mutation: You are resistant to electric shocks.
                  | (rElec) [Black Draconian growth]
  2896 | D:4      | Found a glowing drain.
  2900 | Sewer    | Entered a sewer
  2934 | Sewer    | Noticed Purgy
  2943 | Sewer    | Killed Purgy
  2944 | Sewer    | Reached skill level 8 in Transmutations
  3277 | D:4      | Found an iron altar of Okawaru.
  3750 | D:4      | Noticed a steam dragon
  3765 | D:4      | Reached skill level 9 in Transmutations
  3775 | D:4      | Killed a steam dragon
  3997 | D:5      | Entered Level 5 of the Dungeon
  4010 | D:5      | Reached XP level 8. HP: 51/59 MP: 11/11
  4244 | D:5      | Reached skill level 10 in Transmutations
  4442 | D:5      | Noticed Eustachio
  4459 | D:5      | Killed Eustachio
  4604 | D:5      | Reached skill level 11 in Transmutations
  4978 | D:6      | Found an ornate altar of the Wu Jian Council.
  5055 | D:6      | Reached XP level 9. HP: 47/64 MP: 6/12
  5344 | D:6      | Identified the ring "Unow" {rN+ rCorr Stlth+}
  5521 | D:7      | Found a bloodstained altar of Trog.
  5541 | D:7      | Reached skill level 12 in Transmutations
  5567 | D:7      | Found Jiupuxes's Distillery.
  5710 | D:7      | Found Kyudiut's Book Shoppe.
  6196 | D:7      | Found a staircase to the Ecumenical Temple.
  6237 | Temple   | Entered the Ecumenical Temple
  6455 | D:7      | Found Vuesofo's Jewellery Boutique.
  6603 | D:8      | Found a staircase to the Lair.
  7642 | D:9      | Noticed a two-headed ogre
  7657 | D:9      | Slain by a two-headed ogre

Illustrated notes

Levels and vault maps discovered:
D:1:      evilmike_arrival_hilbert_curve, layout_basic
D:2:      layout_rooms, minivault_11, minmay_misc_feat_pillars,
          grunt_ministairs_8
D:3:      layout_basic, gammafunk_temple_overflow_pools,
          nicolae_uskayaw_murder_on_the_dancefloor, serial_shops, shop, shop,
          shop, nicolae_shop_waterfront, shop, serial_bayou,
          serial_bayou_shore_a, serial_bayou_lagoon_a, serial_bayou_pond_b,
          serial_bayou_pond_d, goddamned_bats
D:4:      minmay_opposing_rooms, layout_loops_ring, okawaru_gym_becter,
          gup_sewer_entry_bowl, minmay_lizard_king
D:5:      layout_gridville, uniq_eustachio
D:6:      layout_basic, general_overflow_altar, abandoned_shop,
          minmay_misc_feat_rows, corexii_hall_statues_x
D:7:      layout_loops_cross, bloody_trog,
          minmay_temple_entry_statues_fountains, serial_shops,
          nicolae_shop_behind_doors, nicolae_shop_trees, shop
D:8:      layout_basic, lair_entry_dummy, minmay_misc_feat_columns
D:9:      layout_loops_corners, uniq_maurice
Temple:   nicolae_temple_elliptical

Skill      XL: |  1  2  3  4  5  6  7  8  9 |
---------------+----------------------------+-----
Transmutations | 3 5 6 7 9 11 12 | 12.8
Fighting       | |  1.1
Dodging        | |  1.7
Unarmed Combat | |  3.0
Spellcasting   | |  2.0

Action                   |  1- 3 |  4- 6 |  7- 9 || total
-------------------------+-------+-------+-------++-------
Melee: Unarmed           |   111 |   144 |   409 ||   664
       Kick              |    10 |    24 |     9 ||    43
       Headbutt          |     8 |    18 |     9 ||    35
       Tailslap          |     7 |    14 |    24 ||    45
       Punch             |       |     3 |     3 ||     6
 Cast: Beastly Appendage |    13 |    11 |     4 ||    28
       Wereblood         |       |     3 |     2 ||     5
       Hydra Form        |       |       |    16 ||    16
 Abil: Breathe Lightning |       |       |     3 ||     3
  Use: Potion            |     2 |       |       ||     2
       Scroll            |       |       |     6 ||     6
 Stab: Sleeping          |     1 |       |     1 ||     2
Armor: Skin              |    24 |    69 |   191 ||   284
Dodge: Dodged            |    64 |   137 |   268 ||   469

Table legend: (Time is in decaauts)
 A = Elapsed time spent in this place.
 B = Non-inter-level travel time spent in this place.
 C = Inter-level travel time spent in this place.
 D = Time resting spent in this place.
 E = Time spent auto-exploring this place.
 F = Levels seen in this place.
 G = Mean time per level.
                   A        B        C        D        E       F      G
               +--------+--------+--------+--------+--------+-----+--------+
         Total |   7671 |   7369 |    302 |    110 |   5994 |  11 |  697.4 |
       Dungeon |   7309 |   7036 |    273 |    110 |   5738 |   9 |  812.1 |
        Temple |    167 |    139 |     28 |      0 |    138 |   1 |  167.0 |
         Sewer |    194 |    194 |      0 |      0 |    117 |   1 |  194.0 |
               +--------+--------+--------+--------+--------+-----+--------+

Top non-repeatable levels by time:
     D:4: 1138 daAuts
     D:8: 1116 daAuts
     D:3: 1110 daAuts
     D:1: 1066 daAuts
     D:7: 830 daAuts
     D:5: 779 daAuts
     D:6: 732 daAuts
     D:2: 519 daAuts
   Sewer: 194 daAuts
  Temple: 167 daAuts
     D:9: 14 daAuts
